[ AOE2 MATCH · #505289618 ]
UnrankedCelts vs Britons
Player's team · WIN
Rival team · LOSS
[ REPLAY ANALYSIS · EXTRACTED FROM THE RECORDED GAME ]
Feudal
8:54
Castle
23:16
Imperial
47:24
| APM avg | 66.8 |
| APM peak | 124 |
| eAPM avg | 32.3 |
| Villagers / military | 179 / 244 |
Focus
⚔️ 39.3% · 🌾 60.7%
Woad Raider ×165 · Battering Ram ×22 · Scorpion ×16 · Spearman ×14 · Skirmisher ×14 · Monk ×6
Feudal
8:30
Castle
24:24
Imperial
43:15
| APM avg | 91.2 |
| APM peak | 140 |
| eAPM avg | 47.2 |
| Villagers / military | 236 / 174 |
Focus
⚔️ 55.2% · 🌾 44.8%
Knight ×54 · Longbowman ×45 · Cavalry Archer ×40 · Archer ×14 · Skirmisher ×7 · Scout Cavalry ×7
Match map
Initial resources + every placement click. Lines = walls · curves = elevation contours. ◆ gold · ⬟ stone · ● berries · ✦ relic · ◌ wall gap
Your base· Open — 6t gap
DS_Gali's base· Open — 6t gap
Smoothed initial terrain · ◌ = detected wall gap · hover for details
Inputs per minute
— OS+ | Sziky - - DS_Gali
Build order — OS+ | Sziky
First 150 of 636 actions detected
| 0:01 | Queue | Villager (Male) |
| 0:02 | Build | House |
| 0:02 | Build | House |
| 0:05 | Queue | Villager (Male) |
| 0:32 | Queue | Villager (Male) |
| 0:36 | Queue | Villager (Male) |
| 1:25 | Queue | Villager (Male) |
| 1:47 | Build | Lumber Camp |
| 1:59 | Queue | Villager (Male) |
| 2:16 | Queue | Villager (Male) |
| 2:46 | Queue | Villager (Male) |
| 3:09 | Queue | Villager (Male) |
| 3:29 | Queue | Villager (Male) |
| 3:51 | Build | House |
| 3:52 | Build | House |
| 4:05 | Queue | Villager (Male) |
| 4:27 | Queue | Villager (Male) |
| 4:53 | Queue | Villager (Male) |
| 5:00 | Queue | Villager (Male) |
| 5:18 | Build | Barracks |
| 5:22 | Research | Loom |
| 5:26 | Queue | Villager (Male) |
| 5:32 | Research | Loom |
| 6:12 | Build | House |
| 6:44 | Research | Feudal Age |
| 6:53 | Build | Mill |
| 7:06 | Queue | Militia |
| 7:24 | Queue | Militia |
| 7:45 | Queue | Militia |
| 8:21 | Queue | Villager (Male) |
| 8:54 | Age | Feudal Age |
| 8:59 | Queue | Villager (Male) |
| 9:03 | Build | Archery Range |
| 9:14 | Build | Farm |
| 9:20 | Research | Man-at-Arms (upgrade) |
| 9:37 | Research | Double-Bit Axe |
| 9:44 | Queue | Villager (Male) |
| 9:46 | Build | Farm |
| 10:12 | Queue | Villager (Male) |
| 10:23 | Build | Farm |
| 10:29 | Build | Farm |
| 10:44 | Build | Farm |
| 10:45 | Queue | Villager (Male) |
| 10:50 | Build | House |
| 11:08 | Queue | Villager (Male) |
| 11:10 | Build | Farm |
| 11:12 | Build | Farm |
| 11:17 | Queue | Skirmisher |
| 11:23 | Build | House |
| 11:37 | Queue | Skirmisher |
| 11:54 | Queue | Villager (Male) |
| 11:55 | Queue | Skirmisher |
| 12:13 | Queue | Villager (Male) |
| 12:15 | Build | Farm |
| 12:24 | Build | Palisade Wall |
| 12:26 | Build | Palisade Wall |
| 12:27 | Build | Palisade Wall |
| 12:30 | Queue | Skirmisher |
| 12:34 | Queue | Villager (Male) |
| 12:41 | Build | Blacksmith |
| 12:51 | Queue | Skirmisher |
| 12:55 | Queue | Skirmisher |
| 13:00 | Queue | Villager (Male) |
| 13:05 | Queue | Villager (Male) |
| 13:07 | Build | Farm |
| 13:16 | Build | House |
| 13:20 | Build | Farm |
| 13:29 | Queue | Skirmisher |
| 13:32 | Queue | Spearman |
| 13:42 | Queue | Villager (Male) |
| 14:03 | Queue | Spearman |
| 14:05 | Build | House |
| 14:06 | Queue | Villager (Male) |
| 14:11 | Build | Farm |
| 14:14 | Build | Farm |
| 14:15 | Queue | Skirmisher |
| 14:22 | Build | Palisade Wall |
| 14:28 | Queue | Villager (Male) |
| 14:32 | Queue | Villager (Male) |
| 14:36 | Queue | Skirmisher |
| 14:46 | Build | House |
| 14:50 | Queue | Villager (Male) |
| 15:18 | Build | Mining Camp |
| 15:20 | Build | Palisade Wall |
| 15:38 | Research | Fletching |
| 15:40 | Queue | Villager (Male) |
| 15:43 | Queue | Villager (Male) |
| 15:58 | Queue | Villager (Male) |
| 16:03 | Build | Market |
| 16:09 | Build | House |
| 16:19 | Queue | Skirmisher |
| 16:35 | Queue | Skirmisher |
| 16:45 | Queue | Spearman |
| 16:48 | Research | Scale Mail Armor |
| 16:49 | Research | Scale Mail Armor |
| 16:54 | Queue | Spearman |
| 16:56 | Queue | Skirmisher |
| 16:58 | Queue | Villager (Male) |
| 17:00 | Build | House |
| 17:01 | Build | House |
| 17:07 | Build | House |
| 17:07 | Build | Palisade Wall |
| 17:08 | Build | Palisade Wall |
| 17:35 | Queue | Villager (Male) |
| 17:50 | Queue | Spearman |
| 18:01 | Queue | Spearman |
| 18:02 | Queue | Skirmisher |
| 18:11 | Queue | Spearman |
| 18:12 | Queue | Skirmisher |
| 18:13 | Queue | Villager (Male) |
| 18:16 | Research | Wheelbarrow |
| 18:40 | Queue | Spearman |
| 18:58 | Build | Farm |
| 18:59 | Build | Farm |
| 19:00 | Build | Farm |
| 19:00 | Build | Farm |
| 19:01 | Build | Farm |
| 19:10 | Queue | Villager (Male) |
| 19:14 | Build | Palisade Wall |
| 19:36 | Queue | Villager (Male) |
| 19:59 | Build | Mining Camp |
| 20:09 | Build | Farm |
| 20:15 | Build | Farm |
| 20:36 | Research | Castle Age |
| 20:53 | Build | Palisade Wall |
| 20:59 | Build | Farm |
| 21:01 | Build | Farm |
| 21:02 | Build | Farm |
| 21:21 | Research | Horse Collar |
| 21:21 | Research | Horse Collar |
| 21:32 | Build | Farm |
| 21:55 | Build | Palisade Wall |
| 22:14 | Queue | Villager (Male) |
| 23:16 | Age | Castle Age |
| 23:21 | Build | Castle |
| 23:24 | Build | Siege Workshop |
| 23:26 | Queue | Spearman |
| 23:39 | Build | Monastery |
| 23:45 | Queue | Villager (Male) |
| 23:52 | Research | Heavy Plow |
| 24:04 | Queue | Villager (Male) |
| 24:09 | Build | House |
| 24:21 | Research | Chain Mail Armor |
| 24:24 | Research | Gambesons |
| 24:24 | Research | Gambesons |
| 24:25 | Queue | Monk |
| 24:41 | Build | Lumber Camp |
| 24:45 | Queue | Woad Raider |
| 24:46 | Queue | Battering Ram |
| 24:47 | Queue | Woad Raider |
Build order — DS_Gali
First 150 of 649 actions detected
| 0:02 | Queue | Villager (Male) |
| 0:03 | Build | House |
| 0:04 | Build | House |
| 0:08 | Queue | Villager (Male) |
| 0:08 | Queue | Villager (Male) |
| 0:08 | Queue | Villager (Male) |
| 1:22 | Queue | Villager (Male) |
| 1:22 | Queue | Villager (Male) |
| 1:59 | Queue | Villager (Male) |
| 2:00 | Queue | Villager (Male) |
| 2:01 | Queue | Villager (Male) |
| 2:02 | Queue | Villager (Male) |
| 2:29 | Queue | Villager (Male) |
| 2:30 | Queue | Villager (Male) |
| 2:48 | Build | Lumber Camp |
| 2:53 | Queue | Villager (Male) |
| 3:08 | Queue | Villager (Male) |
| 3:08 | Queue | Villager (Male) |
| 3:22 | Queue | Villager (Male) |
| 3:26 | Queue | Villager (Male) |
| 4:04 | Build | House |
| 4:31 | Queue | Villager (Male) |
| 4:33 | Build | House |
| 4:45 | Queue | Villager (Male) |
| 4:45 | Queue | Villager (Male) |
| 4:45 | Queue | Villager (Male) |
| 5:36 | Build | Mining Camp |
| 5:55 | Research | Loom |
| 6:14 | Research | Feudal Age |
| 6:14 | Research | Feudal Age |
| 6:58 | Build | Palisade Wall |
| 6:59 | Build | Palisade Wall |
| 7:37 | Build | Barracks |
| 7:44 | Build | Palisade Wall |
| 7:46 | Build | Palisade Wall |
| 7:47 | Build | Palisade Wall |
| 7:52 | Build | Palisade Wall |
| 7:53 | Build | Palisade Wall |
| 7:54 | Build | Palisade Wall |
| 7:55 | Build | Palisade Wall |
| 8:27 | Build | Palisade Wall |
| 8:29 | Build | Palisade Wall |
| 8:30 | Age | Feudal Age |
| 8:32 | Queue | Villager (Male) |
| 8:34 | Build | Palisade Wall |
| 8:35 | Build | Palisade Wall |
| 8:56 | Build | Archery Range |
| 8:59 | Queue | Villager (Male) |
| 9:06 | Queue | Spearman |
| 9:19 | Queue | Villager (Male) |
| 9:32 | Queue | Villager (Male) |
| 9:44 | Build | Mill |
| 9:46 | Queue | Villager (Male) |
| 9:52 | Build | House |
| 9:53 | Queue | Archer |
| 10:08 | Queue | Villager (Male) |
| 10:12 | Build | House |
| 10:20 | Build | Farm |
| 10:24 | Queue | Villager (Male) |
| 10:27 | Queue | Archer |
| 10:31 | Build | Palisade Wall |
| 10:35 | Queue | Villager (Male) |
| 10:42 | Queue | Villager (Male) |
| 10:49 | Queue | Villager (Male) |
| 10:50 | Queue | Archer |
| 11:09 | Build | Farm |
| 11:09 | Queue | Villager (Male) |
| 11:10 | Build | Farm |
| 11:12 | Build | House |
| 11:13 | Queue | Archer |
| 11:33 | Queue | Villager (Male) |
| 11:41 | Build | Farm |
| 11:41 | Queue | Villager (Male) |
| 12:02 | Queue | Villager (Male) |
| 12:16 | Build | Farm |
| 12:17 | Build | Farm |
| 12:22 | Research | Double-Bit Axe |
| 12:26 | Build | Farm |
| 12:29 | Queue | Archer |
| 12:43 | Build | House |
| 12:49 | Queue | Villager (Male) |
| 13:01 | Build | Stable |
| 13:03 | Queue | Archer |
| 13:11 | Queue | Villager (Male) |
| 13:13 | Build | Farm |
| 13:25 | Build | House |
| 13:25 | Queue | Villager (Male) |
| 13:28 | Queue | Villager (Male) |
| 13:30 | Queue | Archer |
| 13:38 | Queue | Villager (Male) |
| 13:58 | Queue | Villager (Male) |
| 13:59 | Queue | Scout Cavalry |
| 14:03 | Build | Farm |
| 14:04 | Build | Farm |
| 14:05 | Build | Farm |
| 14:08 | Queue | Archer |
| 14:15 | Build | House |
| 14:21 | Queue | Archer |
| 14:26 | Queue | Scout Cavalry |
| 14:34 | Build | House |
| 14:42 | Queue | Villager (Male) |
| 14:49 | Queue | Villager (Male) |
| 14:50 | Build | Farm |
| 14:52 | Build | Farm |
| 14:57 | Queue | Villager (Male) |
| 15:08 | Build | Farm |
| 15:09 | Queue | Villager (Male) |
| 15:13 | Build | House |
| 15:25 | Queue | Scout Cavalry |
| 15:41 | Build | Farm |
| 15:47 | Queue | Villager (Male) |
| 15:52 | Queue | Archer |
| 15:54 | Queue | Scout Cavalry |
| 16:05 | Build | House |
| 16:25 | Queue | Scout Cavalry |
| 16:30 | Queue | Villager (Male) |
| 16:37 | Build | Blacksmith |
| 16:47 | Queue | Villager (Male) |
| 16:53 | Queue | Villager (Male) |
| 16:57 | Queue | Archer |
| 17:00 | Queue | Archer |
| 17:08 | Build | Farm |
| 17:13 | Research | Fletching |
| 17:19 | Queue | Scout Cavalry |
| 17:24 | Build | House |
| 17:42 | Queue | Villager (Male) |
| 17:53 | Queue | Villager (Male) |
| 18:01 | Build | Farm |
| 18:02 | Build | Farm |
| 18:08 | Queue | Villager (Male) |
| 18:15 | Queue | Archer |
| 18:23 | Queue | Villager (Male) |
| 18:39 | Queue | Villager (Male) |
| 18:44 | Queue | Archer |
| 18:46 | Queue | Villager (Male) |
| 18:48 | Queue | Villager (Male) |
| 18:51 | Queue | Villager (Male) |
| 18:55 | Build | Farm |
| 18:56 | Queue | Skirmisher |
| 19:04 | Queue | Scout Cavalry |
| 19:07 | Build | Watch Tower |
| 19:13 | Build | Stone Wall |
| 19:19 | Build | Stone Wall |
| 19:19 | Build | Stone Wall |
| 19:20 | Queue | Villager (Male) |
| 19:31 | Queue | Skirmisher |
| 19:31 | Queue | Villager (Male) |
| 19:41 | Queue | Villager (Male) |
| 19:42 | Build | Farm |
| 20:00 | Build | House |
Match timeline
| 5:18 | OS+ | Sziky · first_building Barracks |
| 6:58 | DS_Gali · wall_segment Palisade Wall x1 |
| 6:59 | DS_Gali · wall_segment Palisade Wall x1 |
| 7:37 | DS_Gali · first_building Barracks |
| 7:44 | DS_Gali · wall_segment Palisade Wall x2 |
| 7:46 | DS_Gali · wall_segment Palisade Wall x1 |
| 7:47 | DS_Gali · wall_segment Palisade Wall x1 |
| 7:52 | DS_Gali · wall_segment Palisade Wall x1 |
| 7:53 | DS_Gali · wall_segment Palisade Wall x1 |
| 7:54 | DS_Gali · wall_segment Palisade Wall x1 |
| 7:55 | DS_Gali · wall_segment Palisade Wall x1 |
| 8:27 | DS_Gali · wall_segment Palisade Wall x1 |
| 8:29 | DS_Gali · wall_segment Palisade Wall x1 |
| 8:30 | DS_Gali · age_up feudal |
| 8:34 | DS_Gali · wall_segment Palisade Wall x1 |
| 8:35 | DS_Gali · wall_segment Palisade Wall x1 |
| 8:54 | OS+ | Sziky · age_up feudal |
| 8:56 | DS_Gali · first_building Archery Range |
| 9:03 | OS+ | Sziky · first_building Archery Range |
| 10:31 | DS_Gali · wall_segment Palisade Wall x1 |
| 12:24 | OS+ | Sziky · wall_segment Palisade Wall x1 |
| 12:26 | OS+ | Sziky · wall_segment Palisade Wall x1 |
| 12:27 | OS+ | Sziky · wall_segment Palisade Wall x8 |
| 13:01 | DS_Gali · first_building Stable |
| 14:22 | OS+ | Sziky · wall_segment Palisade Wall x7 |
| 15:20 | OS+ | Sziky · wall_segment Palisade Wall x5 |
| 17:07 | OS+ | Sziky · wall_segment Palisade Wall x1 |
| 17:08 | OS+ | Sziky · wall_segment Palisade Wall x8 |
| 19:13 | DS_Gali · wall_segment Stone Wall x10 |
| 19:14 | OS+ | Sziky · wall_segment Palisade Wall x8 |
| 19:19 | DS_Gali · wall_segment Stone Wall x6 |
| 19:19 | DS_Gali · wall_segment Stone Wall x1 |
| 20:13 | OS+ | Sziky · first_market_buy 100 food |
| 20:19 | OS+ | Sziky · first_market_sell 100 wood |
| 20:53 | OS+ | Sziky · wall_segment Palisade Wall x1 |
| 21:55 | OS+ | Sziky · wall_segment Palisade Wall x4 |
| 22:24 | DS_Gali · wall_segment Palisade Wall x1 |
| 22:25 | DS_Gali · wall_segment Palisade Wall x1 |
| 22:32 | DS_Gali · wall_segment Palisade Wall x1 |
| 23:16 | OS+ | Sziky · age_up castle |
| 23:21 | OS+ | Sziky · first_building Castle |
| 23:24 | OS+ | Sziky · first_building Siege Workshop |
| 23:39 | OS+ | Sziky · first_building Monastery |
| 24:24 | DS_Gali · age_up castle |
| 26:46 | DS_Gali · first_market_buy 100 food |
| 27:09 | DS_Gali · first_market_sell 100 food |
| 30:49 | DS_Gali · first_building Monastery |
| 31:02 | OS+ | Sziky · wall_segment Palisade Wall x1 |
| 36:43 | DS_Gali · first_building Castle |
| 39:39 | DS_Gali · first_building Siege Workshop |
| 40:35 | DS_Gali · wall_segment Stone Wall x5 |
| 42:52 | DS_Gali · wall_segment Stone Wall x1 |
| 43:01 | DS_Gali · wall_segment Stone Wall x1 |
| 43:01 | DS_Gali · wall_segment Stone Wall x1 |
| 43:03 | DS_Gali · wall_segment Stone Wall x1 |
| 43:15 | DS_Gali · age_up imperial |
| 47:24 | OS+ | Sziky · age_up imperial |
| 51:22 | DS_Gali · resign |
[ AI ANALYSIS · 1 CREDIT ]
What really happened in this match?
Wolo.gg analyzes every decision: build order, eco, micro, common mistakes by bracket. Personalized analysis on WhatsApp or Discord in 30 seconds.
Civ guide
Celts
Perfil
Jugador #14725904